 Dungeon Crawl Stone Soup version 0.26-a0-610-g3e9335bbc7 (webtiles) character file.

Game seed: 1739307048900557706

1048 Murumi the Fighter (level 8, 0/87 (88) HPs)
             Began as an Ogre Gladiator on Sept 3, 2020.
             Was an Initiate of Okawaru.
             Slain by a wraith (1 damage)
             ... on level 8 of the Dungeon.
             The game lasted 00:24:55 (6907 turns).

Murumi the Fighter (Ogre Gladiator)                 Turns: 6907, Time: 00:24:56

HP:   0/87 (88)     AC:  4    Str: 21    XL:     8   Next: 25%
MP:   10/10         EV: 10    Int:  9    God:    Okawaru [......]
Gold: 276           SH:  0    Dex: 10    Spells: 7/7 levels left

rFire    . . .     SeeInvis .   r - +0 morningstar
rCold    + . .     Faith    +   (no shield)
rNeg     + . .     Spirit   .   b - +0 robe
rPois    .         Reflect  .   c - +1 hat
rElec    .         Harm     .   (no cloak)
rCorr    .                      (gloves unavailable)
MR       .....                  (boots unavailable)
Stlth    +.........             a - amulet of faith
HPRegen  0.24/turn              h - ring of positive energy
MPRegen  0.12/turn              m - ring of protection from cold

@: mighty, slowed, very slow
A: large, unfitting armour, tough skin 1
a: Renounce Religion


You were on level 8 of the Dungeon.
You worshipped Okawaru.
Okawaru was noncommittal.
You visited 2 branches of the dungeon, and saw 10 of its levels.

You collected 276 gold pieces.

Inventory:

Hand Weapons
 i - a +2 mace of protection
 r - a +0 morningstar (weapon)
Missiles
 d - a throwing net
 e - 95 stones (quivered)
 p - 16 poisoned darts
 w - 4 javelins
Armour
 b - a +0 robe (worn)
 c - a +1 hat (worn)
 f - a +0 kite shield
Jewellery
 a - an amulet of faith (around neck)
 h - a ring of positive energy (left hand)
 j - an uncursed ring of flight
 m - a ring of protection from cold (right hand)
Scrolls
 l - 2 scrolls of blinking
 o - 3 scrolls of amnesia
 s - 2 scrolls of teleportation
 v - a scroll of remove curse
Potions
 g - a potion of flight
 k - a potion of stabbing
 n - a potion of ambrosia
 q - 2 potions of resistance
 t - a potion of curing {unknown}
 u - a potion of might


   Skills:
 + Level 8.0 Fighting
 - Level 4.0 Maces & Flails
 - Level 5.0 Throwing
 - Level 1.0 Armour
 - Level 3.0 Dodging
 - Level 2.0 Shields
 - Level 3.0 Invocations
 - Level 1.0 Evocations


You had 7 spell levels left.
You didn't know any spells.
Your spell library contained the following spells:

 Spells                   Type           Power        Failure   Level
 Ice Form                 Ice/Tmut       #.......     99%         4
 Metabolic Englaciation   Hex/Ice        #.........   100%        5
 Freezing Cloud           Conj/Ice/Air   #.........   100%        6
 Ozocubu's Refrigeration  Ice            #.........   100%        6
 Simulacrum               Ice/Necr       #.........   100%        6


Dungeon Overview and Level Annotations

Branches:
Dungeon (9/15)             Temple (1/1) D:6
   Lair: D:8-11         Orc: D:9-12

Altars:
Ashenzari
Dithmenos
Elyvilon
Fedhas
Gozag
Hepliaklqana
Makhleb
Nemelex Xobeh
Okawaru
Qazlal
Ru
Sif Muna
Trog
Uskayaw
Vehumet
Wu Jian
Xom
The Shining One

Annotations:
D:7 Menkaure


Innate Abilities, Weirdness & Mutations

You are too large for most types of armour.
You have tough skin. (AC +1)


Message History

The orc is severely wounded.
The wraith hits you but does no damage. The orc hits you.
* * * LOW HITPOINT WARNING * * *
The wraith misses you. The orc closely misses you.
You closely miss the orc.
The orc is severely wounded.
The orc barely misses you. The wraith hits you.
* * * LOW HITPOINT WARNING * * *
The orc barely misses you. The wraith hits you but does no damage.
You hit the orc.
You kill the orc!
Okawaru accepts your kill. The wraith hits you but does no damage.
The wraith hits you!
* * * LOW HITPOINT WARNING * * *
The wraith drains your vigour!
You feel as though you will be slow longer.
It was a potion of might.
You feel very mighty all of a sudden. The wraith hits you.
You die...

.# #
.######.#
##.....>.)
##.........
#....#
#.#.#.#
#>#.# #.#.#
#.#@# #.#W#
#.#.# #.#.#
..#.# .....
###


You could see a wraith.

Vanquished Creatures
  A sky beast (D:5)
  An ice beast (D:5)
  A phantom (D:5)
  A necrophage (D:6)
  A centaur (D:9)
  2 scorpions (D:4)
  2 howler monkeys
  A bullfrog zombie (D:5)
  2 orc priests (D:3)
  An orc wizard (D:5)
  An iguana (D:5)
  2 worker ants
  A howler monkey skeleton (D:4)
  4 gnolls (D:5)
  8 adders
  An ufetubus (D:7)
  An ooze (D:5)
  2 worms
  3 dart slugs
  5 leopard geckos
  9 orcs
  5 giant cockroaches
  7 goblins
  5 hobgoblins
  6 jackals
  3 quokkas
  3 ball pythons
  10 bats
  3 frilled lizards
  6 kobolds
  4 rats
102 creatures vanquished.

Vanquished Creatures (others)
  3 plants (D:1)
3 creatures vanquished.

Grand Total: 105 creatures vanquished

Notes
Turn   | Place    | Note
-------+----------+-------------------------------------------
     0 | D:1      | Murumi the Ogre Gladiator began the quest for the Orb.
     0 | D:1      | Reached XP level 1. HP: 22/22 MP: 1/1
   186 | D:1      | Reached skill level 3 in Fighting
   255 | D:1      | Reached XP level 2. HP: 31/31 MP: 2/2
   432 | D:1      | You fall into a shaft and drop 1 floor!
   550 | D:2      | Reached skill level 1 in Shields
   611 | D:2      | Reached XP level 3. HP: 36/37 MP: 3/3
  1160 | D:2      | Reached skill level 4 in Fighting
  1187 | D:2      | Found a hazy altar of Hepliaklqana.
  1412 | D:2      | Reached skill level 1 in Armour
  1412 | D:2      | Reached XP level 4. HP: 38/48 MP: 4/4
  1927 | D:3      | Reached skill level 1 in Evocations
  2275 | D:3      | Reached skill level 5 in Fighting
  2275 | D:3      | Reached XP level 5. HP: 40/57 MP: 5/5
  2949 | D:3      | Found a shimmering altar of Xom.
  2950 | D:3      | Found a sparkling altar of Nemelex Xobeh.
  3463 | D:4      | Reached skill level 6 in Fighting
  3463 | D:4      | Reached XP level 6. HP: 52/67 MP: 6/6
  3611 | D:4      | Found a blossoming altar of Fedhas.
  3625 | D:4      | Found a sacrificial altar of Ru.
  4410 | D:5      | Entered Level 5 of the Dungeon
  4481 | D:5      | Noticed an ice beast
  4497 | D:5      | Killed an ice beast
  4497 | D:5      | Reached skill level 7 in Fighting
  4497 | D:5      | Reached XP level 7. HP: 78/78 MP: 7/7
  4802 | D:5      | Reached skill level 8 in Fighting
  5710 | D:5      | Reached XP level 8. HP: 36/88 MP: 8/8
  6222 | D:6      | Found a staircase to the Ecumenical Temple.
  6231 | Temple   | Entered the Ecumenical Temple
  6443 | Temple   | Became a worshipper of Warmaster Okawaru
  6498 | D:6      | Reached skill level 5 in Throwing
  6498 | D:6      | Reached skill level 1 in Invocations
  6670 | D:6      | You fall into a shaft and drop 3 floors!
  6885 | D:7      | Noticed Menkaure
  6885 | D:7      | Noticed a wraith
  6906 | D:8      | HP: 1/87 [wraith (7)]
  6907 | D:8      | Slain by a wraith

Illustrated notes

Levels and vault maps discovered:
D:1:      eino_arrival_cavern_c, layout_rooms, hangedman_decor_peaks_small,
          st_stairs_4, serial_bayou_lagoon_a, minivault_24
D:2:      layout_basic, old_standard_altar
D:3:      layout_loops_ring, chequers_temple_overflow_statue_of_worship,
          chequers_serial_rivers_large_b
D:4:      layout_gridville, kennysheep_mini_moat,
          nicolae_ru_great_annihilating_truth
D:5:      minmay_chambers_of_fours, layout_basic
D:6:      layout_loops_ring, zin_angel, temple_green
D:7:      layout_loops_ring, lemuel_zombie_altar_yredelemnul, serial_shops,
          nicolae_shop_statue_plus, uniq_menkaure, uniq_maggie
D:8:      layout_loops_ring
D:9:      layout_basic, kennysheep_little_box, lemuel_crystal_altar,
          minmay_large_rounded_square, minivault_29
Temple:   nicolae_temple_figure_eight

Skill      XL: |  1  2  3  4  5  6  7  8 |
---------------+-------------------------+-----
Fighting       | 3 4 5 6 7 8 |  8.0
Maces & Flails | 3 4 |  4.0
Dodging        | 3 |  3.0
Shields        | 1 2 |  2.0
Armour         | 1 |  1.0
Evocations     | 1 |  1.0
Throwing       | 3 4 5 |  5.0
Invocations    | 3 |  3.0

Action                   |  1- 3 |  4- 6 |  7- 9 || total
-------------------------+-------+-------+-------++-------
Melee: Flail             |    24 |       |       ||    24
       Mace              |    46 |    16 |       ||    62
       Morningstar       |       |   143 |   115 ||   258
Throw: Stone             |    46 |    98 |    39 ||   183
       Throwing net      |     2 |     2 |     1 ||     5
       Javelin           |       |       |     3 ||     3
  Use: Scroll            |     8 |     7 |       ||    15
       Potion            |       |     1 |     2 ||     3
 Stab: Sleeping          |       |     3 |       ||     3
       Paralysed         |       |     4 |       ||     4
       Held in net/web   |       |     1 |       ||     1
Armor: Robe              |    33 |    38 |    41 ||   112
Dodge: Dodged            |    44 |    68 |    67 ||   179

Table legend: (Time is in decaauts)
 A = Elapsed time spent in this place.
 B = Non-inter-level travel time spent in this place.
 C = Inter-level travel time spent in this place.
 D = Time resting spent in this place.
 E = Time spent auto-exploring this place.
 F = Levels seen in this place.
 G = Mean time per level.
                   A        B        C        D        E       F      G
               +--------+--------+--------+--------+--------+-----+--------+
         Total |   7057 |   6580 |    477 |    579 |   5026 |  10 |  705.7 |
       Dungeon |   6816 |   6392 |    424 |    579 |   4839 |   9 |  757.3 |
        Temple |    240 |    188 |     52 |      0 |    187 |   1 |  240.0 |
               +--------+--------+--------+--------+--------+-----+--------+

Top non-repeatable levels by time:
     D:5: 1743 daAuts
     D:3: 1640 daAuts
     D:2: 1141 daAuts
     D:4: 932 daAuts
     D:1: 836 daAuts
     D:6: 272 daAuts
  Temple: 240 daAuts
     D:9: 208 daAuts
     D:7: 24 daAuts
     D:8: 15 daAuts
